BLB
CAROLINA TOBS @ WINDY CITY BLUES
08/14/2059
 
TOP OF THE 1ST
Carolina Tobs batting - Pitching for Windy City Blues : RHP Riley Saakyan
Pitching: RHP Riley Saakyan
Batting: LHB Spencer DeSimone 0-0: Ball
1-0: Foul Ball, location: 2F
1-1: Foul Ball, location: 2F
1-2: Fly out, F8 (Flyball, 8RS, EV 89.4 MPH)
Batting: LHB Clay Newhouse 0-0: Ball
1-0: Fly out, F8 (Flyball, 8RD, EV 80.6 MPH)
Batting: LHB Trent West 0-0: Ball
1-0: SINGLE (Groundball, 4D, EV 103.8 MPH)
Batting: LHB Evan Turner 0-0: Ball
1-0: Swinging Strike
1-1: Ball
2-1: Foul Ball, location: 2F
2-2: Strikes out swinging
Top of the 1st over - 0 runs, 1 hit, 0 errors, 1 left on base; Carolina 0 - Windy City 0
BOTTOM OF THE 1ST
Windy City Blues batting - Pitching for Carolina Tobs : RHP Joe Hodo
Pitching: RHP Joe Hodo
Batting: RHB Ty Dec 0-0: Foul Ball, location: 2F
0-1: Ball
1-1: Ball
2-1: Foul Ball, location: 2F
2-2: Strikes out swinging
Batting: RHB Dulani Cherry 0-0: Ball
1-0: Foul Ball, location: 2F
1-1: Swinging Strike
1-2: Foul Ball, location: 2F
1-2: Ball
2-2: Foul Ball, location: 2F
2-2: Ball
3-2: Ground out 6-3 (Groundball, 6, EV 76.2 MPH)
Batting: RHB Ezekiel Wolfson 0-0: Ball
1-0: Foul Ball, location: 2F
1-1: Ball
2-1: Fly out, F9 (Flyball, 9, EV 82.5 MPH)
Bottom of the 1st over - 0 runs, 0 hits, 0 errors, 0 left on base; Carolina 0 - Windy City 0
TOP OF THE 2ND
Carolina Tobs batting - Pitching for Windy City Blues : RHP Riley Saakyan
Batting: RHB Rykeem Potts 0-0: Ball
1-0: Called Strike
1-1: Fly out, F7 (Flyball, 7S, EV 76.9 MPH)
Batting: LHB Kyle Siebert 0-0: Called Strike
0-1: Ball
1-1: Foul Ball, location: 2F
1-2: Ball
2-2: Ball
3-2: SINGLE (Groundball, P, EV 91.9 MPH) (infield hit)
Batting: RHB Marcus Fahr 0-0: Ball
1-0: Ground out 5-3 (Groundball, 56S, EV 65.0 MPH)
Kyle Siebert to second
Batting: LHB Obie Biggs 0-0: Ground out 2-3 (Groundball, 15S, EV 70.6 MPH)
Top of the 2nd over - 0 runs, 1 hit, 0 errors, 1 left on base; Carolina 0 - Windy City 0
BOTTOM OF THE 2ND
Windy City Blues batting - Pitching for Carolina Tobs : RHP Joe Hodo
Batting: LHB Idris Wnuk 0-0: Called Strike
0-1: Swinging Strike
0-2: Strikes out swinging
Batting: RHB Corbin Herron 0-0: Ball
1-0: Foul Ball, location: 2F
1-1: Called Strike
1-2: Foul Ball, location: 2F
1-2: Ball
2-2: Foul Ball, location: 2F
2-2: Foul Ball, location: 2F
2-2: Strikes out swinging
Batting: RHB Conner Hawkins 0-0: Ground out 4-3 (Groundball, 34D, EV 105.0 MPH)
Bottom of the 2nd over - 0 runs, 0 hits, 0 errors, 0 left on base; Carolina 0 - Windy City 0
TOP OF THE 3RD
Carolina Tobs batting - Pitching for Windy City Blues : RHP Riley Saakyan
Batting: SHB Sean Benjamin 0-0: Called Strike
0-1: Called Strike
0-2: Ball
1-2: Ball
2-2: Ground out 5-3 (Groundball, 5, EV 106.2 MPH)
Batting: LHB Spencer DeSimone 0-0: Ball
1-0: Ball
2-0: Ball
3-0: Called Strike
3-1: Fly out, F9 (Flyball, 89M, EV 98.1 MPH)
Batting: LHB Clay Newhouse 0-0: Called Strike
0-1: SINGLE (Flyball, 89S, EV 98.1 MPH)
Batting: LHB Trent West 0-0: Called Strike
0-1: Ball
1-1: Ball
2-1: Swinging Strike
2-2: DOUBLE (Flyball, 8RXD, EV 106.9 MPH)
Clay Newhouse to third
Batting: LHB Evan Turner 0-0: Called Strike
0-1: Ball
1-1: Ground out 4-3 (Groundball, 34D, EV 102.5 MPH)
Top of the 3rd over - 0 runs, 2 hits, 0 errors, 2 left on base; Carolina 0 - Windy City 0
BOTTOM OF THE 3RD
Windy City Blues batting - Pitching for Carolina Tobs : RHP Joe Hodo
Batting: RHB Adrien Jimenez 0-0: Ball
1-0: Foul Ball, location: 2F
1-1: Ball
2-1: Ball
3-1: Fly out, F9 (Flyball, 9S, EV 95.0 MPH)
Batting: RHB K.J. Avery 0-0: Called Strike
0-1: Ball
1-1: Called Strike
1-2: Ball
2-2: Strikes out swinging
Batting: RHB Brad Castro 0-0: SINGLE (Groundball, 6M, EV 82.5 MPH) (infield hit)
Batting: RHB Ty Dec 0-0: Ball
1-0: Foul Ball, location: 2F
1-1: Foul Ball, location: 2F
1-2: Foul Ball, location: 2F
1-2: Ball
2-2: Ball
3-2: Base on Balls
Brad Castro to second
Batting: RHB Dulani Cherry 0-0: Ball
1-0: Ball
2-0: DOUBLE (Line Drive, 89XD, EV 107.5 MPH)
Brad Castro scores
Ty Dec to third
Runner from 3rd tries for Home, SAFE, throw by RF to trailing runner, SAFE at third!
Batting: RHB Ezekiel Wolfson 0-0: Foul Ball, location: 2F
0-1: Called Strike
0-2: Ball
1-2: Foul Ball, location: 2F
1-2: Fly out, F7 (Flyball, 78S, EV 94.4 MPH)
Bottom of the 3rd over - 2 runs, 2 hits, 0 errors, 1 left on base; Carolina 0 - Windy City 2
TOP OF THE 4TH
Carolina Tobs batting - Pitching for Windy City Blues : RHP Riley Saakyan
Batting: RHB Rykeem Potts 0-0: Foul Ball, location: 2F
0-1: Called Strike
0-2: Foul Ball, location: 2F
0-2: Foul Ball, location: 2F
0-2: Ball
1-2: Foul Ball, location: 2F
1-2: Strikes out looking
Batting: LHB Kyle Siebert 0-0: Ball
1-0: Swinging Strike
1-1: Called Strike
1-2: Foul Ball, location: 2F
1-2: Fly out, F8 (Flyball, 78XD, EV 97.5 MPH)
Batting: RHB Marcus Fahr 0-0: Foul Ball, location: 2F
0-1: Foul Ball, location: 2F
0-2: Ball
1-2: Fly out, F7 (Flyball, 78M, EV 93.1 MPH)
Top of the 4th over - 0 runs, 0 hits, 0 errors, 0 left on base; Carolina 0 - Windy City 2
BOTTOM OF THE 4TH
Windy City Blues batting - Pitching for Carolina Tobs : RHP Joe Hodo
Batting: LHB Idris Wnuk 0-0: Ball
1-0: Fly out, F6 (Popup, 56, EV 55.0 MPH)
Batting: RHB Corbin Herron 0-0: Ball
1-0: Ball
2-0: Foul Ball, location: 2F
2-1: Foul Ball, location: 2F
2-2: Ball
3-2: Ground out 4-3 (Groundball, 4, EV 84.4 MPH)
Batting: RHB Conner Hawkins 0-0: SOLO HOME RUN (Flyball, 7D, EV 101.2 MPH), Distance : 370 ft
Batting: RHB Adrien Jimenez 0-0: SINGLE (Line Drive, 9S, EV 99.4 MPH)
Batting: RHB K.J. Avery 0-0: Called Strike
0-1: Ball
1-1: SINGLE (Groundball, 56S, EV 73.1 MPH) (infield hit)
Adrien Jimenez to second
Batting: RHB Brad Castro 0-0: Called Strike
0-1: Ball
1-1: SINGLE (Groundball, 56D, EV 96.2 MPH)
Adrien Jimenez to third
K.J. Avery to second
Runner from 3rd tries for Home, SAFE, throw by LF to home
K.J. Avery to third
Brad Castro to second
Batting: RHB Ty Dec 0-0: Called Strike
0-1: Swinging Strike
0-2: Strikes out swinging
Bottom of the 4th over - 2 runs, 4 hits, 0 errors, 2 left on base; Carolina 0 - Windy City 4
TOP OF THE 5TH
Carolina Tobs batting - Pitching for Windy City Blues : RHP Riley Saakyan
Batting: LHB Obie Biggs 0-0: Ball
1-0: Ground out 4-3 (Groundball, 4, EV 81.2 MPH)
Batting: SHB Sean Benjamin 0-0: Ball
1-0: Foul Ball, location: 2F
1-1: Foul Ball, location: 2F
1-2: Strikes out looking
Batting: LHB Spencer DeSimone 0-0: Ball
1-0: Ball
2-0: Foul Ball, location: 2F
2-1: Ball
3-1: Foul Ball, location: 2F
3-2: Ground out 4-3 (Groundball, 4, EV 86.9 MPH)
Top of the 5th over - 0 runs, 0 hits, 0 errors, 0 left on base; Carolina 0 - Windy City 4
BOTTOM OF THE 5TH
Windy City Blues batting - Pitching for Carolina Tobs : RHP Joe Hodo
Batting: RHB Dulani Cherry 0-0: Fly out, F8 (Flyball, 8LD, EV 100.0 MPH)
Batting: RHB Ezekiel Wolfson 0-0: Called Strike
0-1: Ball
1-1: Ground out 1-3 (Groundball, 13S, EV 64.4 MPH)
Batting: LHB Idris Wnuk 0-0: Called Strike
0-1: Ball
1-1: Swinging Strike
1-2: Strikes out looking
Bottom of the 5th over - 0 runs, 0 hits, 0 errors, 0 left on base; Carolina 0 - Windy City 4
TOP OF THE 6TH
Carolina Tobs batting - Pitching for Windy City Blues : RHP Riley Saakyan
Pitching: LHP Cooper Ritchey
Batting: LHB Clay Newhouse 0-0: Called Strike
0-1: Ball
1-1: Ball
2-1: Called Strike
2-2: Strikes out looking
Batting: LHB Trent West 0-0: Ball
1-0: Foul Ball, location: 2F
1-1: Foul Ball, location: 2F
1-2: Ball
2-2: Foul Ball, location: 2F
2-2: Foul Ball, location: 2F
2-2: Strikes out swinging
Batting: LHB Evan Turner 0-0: Called Strike
0-1: Ball
1-1: Called Strike
1-2: Ball
2-2: Foul Ball, location: 2F
2-2: Ball
3-2: Strikes out looking
Top of the 6th over - 0 runs, 0 hits, 0 errors, 0 left on base; Carolina 0 - Windy City 4
BOTTOM OF THE 6TH
Windy City Blues batting - Pitching for Carolina Tobs : RHP Joe Hodo
Batting: RHB Corbin Herron 0-0: Ball
1-0: Called Strike
1-1: Swinging Strike
1-2: Ball
2-2: Strikes out swinging
Batting: RHB Conner Hawkins 0-0: Ball
1-0: Called Strike
1-1: Fly out, F3 (Popup, 3F, EV 83.1 MPH)
Batting: RHB Adrien Jimenez 0-0: Called Strike
0-1: Fly out, F8 (Line Drive, 8RD, EV 93.8 MPH)
Bottom of the 6th over - 0 runs, 0 hits, 0 errors, 0 left on base; Carolina 0 - Windy City 4
TOP OF THE 7TH
Carolina Tobs batting - Pitching for Windy City Blues : LHP Cooper Ritchey
Batting: RHB Rykeem Potts 0-0: Ball
1-0: Ball
2-0: Ground out 1-3 (Groundball, 34S, EV 68.8 MPH)
Batting: LHB Kyle Siebert 0-0: Called Strike
0-1: Ball
1-1: Swinging Strike
1-2: Strikes out swinging, 2-3 out at first.
Batting: RHB Marcus Fahr 0-0: Ball
1-0: Foul Ball, location: 2F
1-1: Swinging Strike
1-2: Strikes out swinging
Top of the 7th over - 0 runs, 0 hits, 0 errors, 0 left on base; Carolina 0 - Windy City 4
BOTTOM OF THE 7TH
Windy City Blues batting - Pitching for Carolina Tobs : RHP Joe Hodo
Batting: RHB K.J. Avery 0-0: Called Strike
0-1: Ball
1-1: Swinging Strike
1-2: Ball
2-2: Strikes out swinging
Batting: RHB Brad Castro 0-0: Called Strike
0-1: Ball
1-1: Ball
2-1: SINGLE (Line Drive, 7LS, EV 93.8 MPH)
Batting: RHB Ty Dec 0-0: Ball
1-0: Ball
2-0: SINGLE (Groundball, 5D, EV 96.9 MPH)
Brad Castro to second
Batting: RHB Dulani Cherry 0-0: Ball
1-0: Called Strike
1-1: Ball
2-1: Foul Ball, location: 2F
2-2: Foul Ball, location: 2F
2-2: Foul Ball, location: 2F
2-2: Strikes out swinging
Pitching: LHP Martin Hoffman
Batting: RHB Ezekiel Wolfson 0-0: Ball
1-0: Foul Ball, location: 2F
1-1: SINGLE (Line Drive, 4D, EV 100.6 MPH)
Brad Castro to third
Ty Dec to second
Runner from 3rd tries for Home, throw by RF and OUT! 9-2
Bottom of the 7th over - 0 runs, 3 hits, 0 errors, 2 left on base; Carolina 0 - Windy City 4
TOP OF THE 8TH
Carolina Tobs batting - Pitching for Windy City Blues : LHP Cooper Ritchey
Batting: LHB Obie Biggs 0-0: Ball
1-0: Ball
2-0: Ball
3-0: Base on Balls
Pitching: RHP Keegan Davies
Batting: SHB Sean Benjamin 0-0: Called Strike
0-1: Called Strike
0-2: Foul Ball, location: 2F
0-2: Fly out, F4 (Line Drive, 4M, EV 89.4 MPH)
Batting: LHB Spencer DeSimone 0-0: Called Strike
0-1: Called Strike
0-2: Foul Ball, location: 2F
0-2: Strikes out swinging
Batting: LHB Clay Newhouse 0-0: Called Strike
0-1: Foul Ball, location: 2F
0-2: 2-RUN HOME RUN (Flyball, 9D, EV 94.4 MPH), Distance : 360 ft
Batting: LHB Trent West 0-0: Ball
1-0: Foul Ball, location: 2F
1-1: Ball
2-1: Called Strike
2-2: Foul Ball, location: 2F
2-2: Ball
3-2: Foul Ball, location: 2F
3-2: Strikes out swinging
Top of the 8th over - 2 runs, 1 hit, 0 errors, 0 left on base; Carolina 2 - Windy City 4
BOTTOM OF THE 8TH
Windy City Blues batting - Pitching for Carolina Tobs : LHP Martin Hoffman
Batting: LHB Idris Wnuk 0-0: Called Strike
0-1: Foul Ball, location: 2F
0-2: Ball
1-2: Ball
2-2: Strikes out swinging
Batting: RHB Corbin Herron 0-0: Ball
1-0: Foul Ball, location: 2F
1-1: Ball
2-1: Foul Ball, location: 2F
2-2: Ball
3-2: Foul Ball, location: 2F
3-2: Strikes out looking
Batting: RHB Conner Hawkins 0-0: Swinging Strike
0-1: Swinging Strike
0-2: Ball
1-2: Ball
2-2: Ball
3-2: SINGLE (Groundball, 56D, EV 97.5 MPH)
Batting: RHB Adrien Jimenez 0-0: Ball
1-0: Called Strike
1-1: Ball
2-1: Foul Ball, location: 2F
2-2: Strikes out swinging
Bottom of the 8th over - 0 runs, 1 hit, 0 errors, 1 left on base; Carolina 2 - Windy City 4
TOP OF THE 9TH
Carolina Tobs batting - Pitching for Windy City Blues : RHP Keegan Davies
Batting: LHB Evan Turner 0-0: SINGLE (Groundball, 4MD, EV 95.6 MPH)
Batting: RHB Rykeem Potts 0-0: Ball
1-0: Ball
2-0: Swinging Strike
2-1: Called Strike
2-2: Strikes out swinging
Batting: LHB Kyle Siebert 0-0: Fly out, F8 (Flyball, 8LD, EV 98.1 MPH)
Batting: RHB Marcus Fahr 0-0: Foul Ball, location: 2F
0-1: Ball
1-1: Swinging Strike
1-2: Ball
2-2: Foul Ball, location: 2F
2-2: Strikes out swinging
Top of the 9th over - 0 runs, 1 hit, 0 errors, 1 left on base; Carolina 2 - Windy City 4
Saturday, March 23rd , 2024 - OOTP Baseball 23.10 Build 110